 Dungeon Crawl Stone Soup version 0.17.0-15-g6d90897 (webtiles) character file.

6 bart the Stinger (level 1, -2/10 HPs)
             Began as a Tengu Venom Mage on Nov 10, 2015.
             Slain by an adder (3 damage)
             ... on level 2 of the Dungeon.
             The game lasted 00:01:00 (250 turns).

bart the Stinger (Tengu Venom Mage)                  Turns: 250, Time: 00:01:00

Health: -2/10      AC:  2    Str:  8    XL:     1   Next: 90%
Magic:  0/4        EV: 12    Int: 15    God:
Gold:   13         SH:  0    Dex: 14    Spells: 1 memorised, 3 levels left

rFire  . . .     SeeInvis .     d - +0 hand axe
rCold  . . .     Clarity  .     a - +0 robe
rNeg   . . .     SustAt   .     (no shield)
rPois  .         Gourm    .     (helmet restricted)
rElec  .         Spirit   .     (no cloak)
rCorr  .         Warding  .     (no gloves)
rMut   .         Stasis   .     (boots unavailable)
MR     .....                    (no amulet)
Stlth  ++........               (no ring)
                                (no ring)

@: very slightly contaminated, not resistant to hostile enchantments, unstealthy
A: beak, talons 3
a: no special abilities


You were on level 2 of the Dungeon.
You were not hungry.

You visited 1 branch of the dungeon, and saw 2 of its levels.

You collected 13 gold pieces.

Inventory:

Hand Weapons
 d - a +0 hand axe (weapon)
Missiles
 g - 27 stones (quivered)
Armour
 a - a +0 robe (worn)
Scrolls
 e - 2 scrolls of remove curse {unknown}
Books
 b - a Young Poisoner's Handbook
Comestibles
 c - a bread ration
 f - 4 fruits
 h - a chunk of flesh
 i - a royal jelly
 j - 2 meat rations


   Skills:
 - Level 2.1 Dodging
 - Level 2.0 Stealth
 - Level 2.0 Spellcasting
 + Level 2.0 Conjurations
 - Level 4.0 Poison Magic


You had 3 spell levels left.
You knew the following spells:

 Your Spells              Type           Power        Failure   Level  Hunger
a - Sting                 Conj/Pois      ##..         8%          1    #......


Dungeon Overview and Level Annotations

Branches:
Dungeon (2/15)

Altars:


Innate Abilities, Weirdness & Mutations

You have a beak for a mouth.
You have claws for feet.


Message History

A giant cockroach is nearby!
A giant cockroach is nearby!
Casting: Sting
Confirm with . or Enter, or press ? or * to list all spells.
Aiming: Sting
Press: ? - help, Shift-Dir - straight line, f - giant cockroach
Aim: a giant cockroach (clinging, resting)
The sting hits the giant cockroach.
The giant cockroach appears unharmed.
Casting: Sting
Confirm with . or Enter, or press ? or * to list all spells.
Aiming: Sting
Press: ? - help, Shift-Dir - straight line, f/p - giant cockroach
Aim: a giant cockroach (clinging)
The sting hits the giant cockroach.
The giant cockroach appears unharmed.
Casting: Sting
Confirm with . or Enter, or press ? or * to list all spells.
Aiming: Sting
Press: ? - help, Shift-Dir - straight line, f/p - giant cockroach
Aim: a giant cockroach (clinging)
Okay, then.
Casting: Sting
Confirm with . or Enter, or press ? or * to list all spells.
Aiming: Sting
Press: ? - help, Shift-Dir - straight line, f/p - giant cockroach
Aim: a giant cockroach (clinging)
The sting misses the giant cockroach.
The giant cockroach bites you but does no damage.
Casting: Sting
Confirm with . or Enter, or press ? or * to list all spells.
Aiming: Sting
Press: ? - help, Shift-Dir - straight line, f/p - giant cockroach
Aim: a giant cockroach (clinging)
The sting hits the giant cockroach.
The giant cockroach is poisoned.
You kill the giant cockroach!
Unknown command.
You see here a giant cockroach corpse.
Unknown command.
j - a meat ration
e - 2 scrolls labeled KUYHOL GIOCLEQOIHI (gained 1) Magic restored.
j - 2 meat rations (gained 1)
An adder and a rat come into view.
Casting: Sting
Confirm with . or Enter, or press ? or * to list all spells.
Aiming: Sting
Press: ? - help, Shift-Dir - straight line, f - rat
Aim: a rat (resting)
The sting hits the rat.
The rat is poisoned.
You kill the rat!
Your Conjurations skill increases to level 2!
Casting: Sting
Confirm with . or Enter, or press ? or * to list all spells.
Aiming: Sting
Press: ? - help, Shift-Dir - straight line, f - adder
Aim: an adder The sting misses the adder.
Casting: Sting
Confirm with . or Enter, or press ? or * to list all spells.
Aiming: Sting
Press: ? - help, Shift-Dir - straight line, f/p - adder
Aim: an adder The sting misses the adder.
Casting: Sting
Confirm with . or Enter, or press ? or * to list all spells.
Aiming: Sting
Press: ? - help, Shift-Dir - straight line, f/p - adder
Aim: an adder The sting hits the adder.
The adder is poisoned.
The adder is lightly wounded.
The adder bites you. The adder closely misses you. The adder bites you.
* * * LOW HITPOINT WARNING * * *
The adder looks more healthy.
Casting: Sting
Confirm with . or Enter, or press ? or * to list all spells.
Aiming: Sting
Press: ? - help, Shift-Dir - straight line, f/p - adder
Aim: an adder (severely wounded)
You miscast Sting.
You are very lightly contaminated with residual magic.
Nothing appears to happen.
The adder completely misses you. The adder misses you.
You aren't carrying any potions.
The adder closely misses you. The adder closely misses you.
The adder bites you.
* * * LOW HITPOINT WARNING * * *
Casting: Sting
Confirm with . or Enter, or press ? or * to list all spells.
Aiming: Sting
Press: ? - help, Shift-Dir - straight line, f/p - adder
Aim: an adder (severely wounded)
The sting hits the adder.
The adder is severely wounded.
The adder misses you. The adder bites you.
* * * LOW HITPOINT WARNING * * *
The adder bites you.
You die...

##.#####.....####
..............[.+
##.#####.###.####
#.# #.# ..# #.#
#.. #### #.# ...##
#######.# .....
........# ....##
.#######@# .....#
..# #S####
.....##..# #....+
.........# #.####
#......†# #.#
..##.#### #.# #
#.# #.# #.# #.#
#.##.###########.#


You could see an adder.

Vanquished Creatures
  A giant gecko (D:1)
  2 bats (D:1)
  A giant cockroach (D:2)
  A goblin (D:1)
  2 rats
7 creatures vanquished.

Notes
Turn   | Place    | Note
--------------------------------------------------------------
     0 | D:1      | bart the Tengu Venom Mage began the quest for the Orb.
     0 | D:1      | Reached XP level 1. HP: 10/10 MP: 4/4
    42 | D:1      | Reached skill level 1 in Conjurations
   221 | D:2      | Reached skill level 2 in Conjurations
   246 | D:2      | HP: 1/10 [adder (2)]
   250 | D:2      | Slain by an adder

Action                   || total
-------------------------++-------
Melee: Hand axe          ||     2
 Cast: Sting             ||    16

Vault maps used:
D:1:      dpeg_arrival_pond
D:2:      first_bread

Table legend:
 A = Turns spent in this place as a percentage of turns spent in the entire game.
 B = Non-inter-level travel turns spent in this place as a percentage of non-inter-level travel turns spent in the entire game.
 C = Inter-level travel turns spent in this place as a percentage of turns spent in this place.
 D = Turns resting spent in this place as a percentage of non-inter-level travel turns spent in this place.
 E = Turns spent auto-exploring this place as a percentage of non-inter-level travel turns spent in this place.
 F = Non-inter-level travel turns spent in this place divided by the number of levels of this place that you've seen.
                   A       B       C       D       E      F
               +-------+-------+-------+-------+-------+----------------------
         Total | 100.0 | 100.0 |   0.0 |   0.0 |   0.0 |  99.5
       Dungeon | 100.0 | 100.0 |   0.0 |   0.0 |   0.0 |  99.5
               +-------+-------+-------+-------+-------+----------------------

Table legend:
 A = Kills in this place as a percentage of kills in entire the game.
 B = Kills by you in this place as a percentage of kills by you in the entire game.
 C = Kills by friends in this place as a percentage of kills by friends in the entire game.
 D = Other kills in this place as a percentage of other kills in the entire game.
 E = Experience gained in this place as a percentage of experience gained in the entire game.
 F = Experience gained in this place divided by the number of levels of this place that you have seen.
                   A       B       C       D       E      F
               +-------+-------+-------+-------+-------+----------------------
         Total | 100.0 | 100.0 |  -nan |  -nan | 100.0 |   4.5
       Dungeon | 100.0 | 100.0 |  -nan |  -nan | 100.0 |   4.5
               +-------+-------+-------+-------+-------+----------------------
